| TOP OF THE 1ST |
|
St. Cloud Rox batting - Pitching for Sioux Falls Packers : RHP Moises Rangel
|
|
Pitching: RHP Moises Rangel
|
|
|
Batting: LHB Doran Perdue
|
0-0: Ball 1-0: Swinging Strike 1-1: Ball 2-1: Swinging Strike 2-2: Foul Ball, location: 2F 2-2: Ball 3-2: Base on Balls
|
|
Batting: RHB Ron Gardenhire
|
0-0: Ball 1-0: Called Strike 1-1: Ball 2-1: Ball 3-1: Base on Balls Doran Perdue to second
|
|
Batting: SHB R J Reynolds
|
0-0: Ground out 5-3 (Groundball, 56S, EV 65.0 MPH) Doran Perdue to third Ron Gardenhire to second
|
|
Batting: LHB Tim Flannery
|
0-0: Ball 1-0: Ball 2-0: Ball 3-0: Called Strike 3-1: Foul Ball, location: 2F 3-2: Fly out, F7 (Flyball, 7S, EV 83.8 MPH)
|
|
Batting: LHB Curtis Morgan
|
0-0: Foul Ball, location: 2F 0-1: Swinging Strike 0-2: Ball 1-2: Strikes out swinging
|
| Top of the 1st over - 0 runs, 0 hits, 0 errors, 2 left on base; St. Cloud 0 - Sioux Falls 0 |
| BOTTOM OF THE 1ST |
|
Sioux Falls Packers batting - Pitching for St. Cloud Rox : RHP Tony Becerra
|
|
Pitching: RHP Tony Becerra
|
|
|
Batting: SHB Craig Smajstrla
|
0-0: Called Strike 0-1: Called Strike 0-2: Fly out, F9 (Flyball, 89D, EV 102.5 MPH)
|
|
Batting: RHB Javier Flores
|
0-0: Ball 1-0: Called Strike 1-1: Ground out 4-3 (Groundball, 4, EV 84.4 MPH)
|
|
Batting: RHB Gregory Norman
|
0-0: Ball 1-0: Fly out, F9 (Flyball, 9LM, EV 91.9 MPH)
|
| Bottom of the 1st over - 0 runs, 0 hits, 0 errors, 0 left on base; St. Cloud 0 - Sioux Falls 0 |
| TOP OF THE 2ND |
|
St. Cloud Rox batting - Pitching for Sioux Falls Packers : RHP Moises Rangel
|
|
Batting: RHB Dennis Sherrill
|
0-0: Called Strike 0-1: Called Strike 0-2: Ball 1-2: Strikes out swinging
|
|
Batting: SHB Manny Galvez
|
0-0: Ball 1-0: Foul Ball, location: 2F 1-1: Ball 2-1: Ground out 4-3 (Groundball, 4, EV 85.6 MPH)
|
|
Batting: RHB Butch Benton
|
0-0: Called Strike 0-1: Fly out, F8 (Flyball, 89D, EV 90.6 MPH)
|
| Top of the 2nd over - 0 runs, 0 hits, 0 errors, 0 left on base; St. Cloud 0 - Sioux Falls 0 |
| BOTTOM OF THE 2ND |
|
Sioux Falls Packers batting - Pitching for St. Cloud Rox : RHP Tony Becerra
|
|
Batting: LHB Michael Robbins
|
0-0: Called Strike 0-1: Foul Ball, location: 2F 0-2: Ball 1-2: Ball 2-2: Ball 3-2: Foul Ball, location: 2F 3-2: Base on Balls
|
|
Batting: LHB Randy Salava
|
0-0: Called Strike 0-1: Ball 1-1: Foul Ball, location: 2F 1-2: Strikes out swinging
|
|
Batting: RHB Danny Huffstickler
|
0-0: Called Strike 0-1: Foul Ball, location: 2F 0-2: Foul Ball, location: 2F 0-2: Ball 1-2: Ball Balk! Michael Robbins to second 2-2: Fly out, F3 (Line Drive, 3, EV 70.6 MPH)
|
|
Batting: RHB Kenneth Clayton
|
0-0: Called Strike 0-1: Foul Ball, location: 2F 0-2: Foul Ball, location: 2F 0-2: Strikes out looking
|
| Bottom of the 2nd over - 0 runs, 0 hits, 0 errors, 1 left on base; St. Cloud 0 - Sioux Falls 0 |
| TOP OF THE 3RD |
|
St. Cloud Rox batting - Pitching for Sioux Falls Packers : RHP Moises Rangel
|
|
Batting: RHB Jack Hudson
|
0-0: Swinging Strike 0-1: Ground out 6-3 (Groundball, 6, EV 85.6 MPH)
|
|
Batting: LHB Doran Perdue
|
0-0: Ball 1-0: SINGLE (Groundball, 4MS, EV 61.3 MPH) (infield hit)
|
|
Batting: RHB Ron Gardenhire
|
0-0: Called Strike 0-1: Ground out 5-3 (Groundball, 56S, EV 84.4 MPH) Doran Perdue to second
|
|
Batting: SHB R J Reynolds
|
0-0: Called Strike 0-1: Ball Wild Pitch! Doran Perdue to third 1-1: Fly out, F7 (Line Drive, 7, EV 93.1 MPH)
|
| Top of the 3rd over - 0 runs, 1 hit, 0 errors, 1 left on base; St. Cloud 0 - Sioux Falls 0 |
| BOTTOM OF THE 3RD |
|
Sioux Falls Packers batting - Pitching for St. Cloud Rox : RHP Tony Becerra
|
|
Batting: RHB Brian Snitker
|
0-0: Ball 1-0: Ball 2-0: Ball 3-0: Called Strike 3-1: Foul Ball, location: 2F 3-2: Foul Ball, location: 2F 3-2: Foul Ball, location: 2F 3-2: Strikes out swinging
|
|
Batting: RHB Francisco Perez
|
0-0: Ground out 5-3 (Groundball, 56, EV 99.4 MPH)
|
|
Batting: SHB Craig Smajstrla
|
0-0: Ground out 6-3 (Groundball, 6, EV 83.1 MPH)
|
| Bottom of the 3rd over - 0 runs, 0 hits, 0 errors, 0 left on base; St. Cloud 0 - Sioux Falls 0 |
| TOP OF THE 4TH |
|
St. Cloud Rox batting - Pitching for Sioux Falls Packers : RHP Moises Rangel
|
|
Batting: LHB Tim Flannery
|
0-0: Foul Ball, location: 2F 0-1: Foul Ball, location: 2F 0-2: Ball 1-2: Strikes out swinging
|
|
Batting: LHB Curtis Morgan
|
0-0: Ball 1-0: Foul Ball, location: 2F 1-1: Called Strike 1-2: Ball 2-2: Ball 3-2: Base on Balls
|
|
Batting: RHB Dennis Sherrill
|
0-0: Fielders Choice at 2nd, 6-4 (Groundball, 6, EV 85.6 MPH)
|
|
Batting: SHB Manny Galvez
|
0-0: Called Strike 0-1: Foul Ball, location: 2F 0-2: Foul Ball, location: 2F 0-2: Ground out 4-3 (Groundball, 4, EV 99.4 MPH)
|
| Top of the 4th over - 0 runs, 0 hits, 0 errors, 1 left on base; St. Cloud 0 - Sioux Falls 0 |
| BOTTOM OF THE 4TH |
|
Sioux Falls Packers batting - Pitching for St. Cloud Rox : RHP Tony Becerra
|
|
Batting: RHB Javier Flores
|
0-0: Called Strike 0-1: Ball 1-1: Foul Ball, location: 2F 1-2: Ball 2-2: Foul Ball, location: 2F 2-2: Foul Ball, location: 2F 2-2: Ground out 1-3 (Groundball, 15S, EV 70.6 MPH)
|
|
Batting: RHB Gregory Norman
|
0-0: Foul Ball, location: 2F 0-1: Foul Ball, location: 2F 0-2: Ball 1-2: Foul Ball, location: 2F 1-2: Ground out 6-3 (Groundball, 6, EV 81.3 MPH)
|
|
Batting: LHB Michael Robbins
|
0-0: Ball 1-0: Foul Ball, location: 2F 1-1: Fly out, F8 (Flyball, 78D, EV 96.9 MPH)
|
| Bottom of the 4th over - 0 runs, 0 hits, 0 errors, 0 left on base; St. Cloud 0 - Sioux Falls 0 |
| TOP OF THE 5TH |
|
St. Cloud Rox batting - Pitching for Sioux Falls Packers : RHP Moises Rangel
|
|
Batting: RHB Butch Benton
|
0-0: DOUBLE (Line Drive, 9LD, EV 113.1 MPH)
|
|
Batting: RHB Jack Hudson
|
0-0: Ball 1-0: Called Strike 1-1: Fly out, F8 (Flyball, 78S, EV 90.6 MPH)
|
|
Batting: LHB Doran Perdue
|
0-0: Foul Ball, location: 2F 0-1: Foul Ball, location: 2F 0-2: Ball 1-2: Ball 2-2: Ground out U3 (Groundball, 3, EV 88.8 MPH) Butch Benton to third
|
|
Batting: RHB Ron Gardenhire
|
0-0: Ball 1-0: Called Strike 1-1: Ball 2-1: Ball 3-1: Base on Balls
|
|
Batting: SHB R J Reynolds
|
0-0: Foul Ball, location: 2F 0-1: Ball 1-1: Swinging Strike 1-2: Ball 2-2: Foul Ball, location: 2F 2-2: Ball 3-2: Foul Ball, location: 2F 3-2: Fly out, F7 (Flyball, 7, EV 90.6 MPH)
|
| Top of the 5th over - 0 runs, 1 hit, 0 errors, 2 left on base; St. Cloud 0 - Sioux Falls 0 |
| BOTTOM OF THE 5TH |
|
Sioux Falls Packers batting - Pitching for St. Cloud Rox : RHP Tony Becerra
|
|
Batting: LHB Randy Salava
|
0-0: Foul Ball, location: 2F 0-1: Called Strike 0-2: Strikes out swinging
|
|
Batting: RHB Danny Huffstickler
|
0-0: Ball 1-0: Swinging Strike 1-1: Ground out U3 (Groundball, 34, EV 83.8 MPH)
|
|
Batting: RHB Kenneth Clayton
|
0-0: Ball 1-0: Fly out, F7 (Flyball, 78S, EV 91.9 MPH)
|
| Bottom of the 5th over - 0 runs, 0 hits, 0 errors, 0 left on base; St. Cloud 0 - Sioux Falls 0 |
| TOP OF THE 6TH |
|
St. Cloud Rox batting - Pitching for Sioux Falls Packers : RHP Moises Rangel
|
|
Batting: LHB Tim Flannery
|
0-0: Ball 1-0: Ball 2-0: Called Strike 2-1: Foul Ball, location: 2F 2-2: Fly out, F9 (Flyball, 9, EV 90.0 MPH)
|
|
Batting: LHB Curtis Morgan
|
0-0: Ball 1-0: Ball 2-0: Ball 3-0: Foul Ball, location: 2F 3-1: Base on Balls
|
|
Batting: RHB Dennis Sherrill
|
0-0: Called Strike 0-1: Ball 1-1: Called Strike 1-2: Strikes out swinging
|
|
Batting: SHB Manny Galvez
|
0-0: Called Strike 0-1: Ground out U3 (Groundball, 3, EV 83.8 MPH)
|
| Top of the 6th over - 0 runs, 0 hits, 0 errors, 1 left on base; St. Cloud 0 - Sioux Falls 0 |
| BOTTOM OF THE 6TH |
|
Sioux Falls Packers batting - Pitching for St. Cloud Rox : RHP Tony Becerra
|
|
Batting: RHB Brian Snitker
|
0-0: Fly out, F9 (Flyball, 89M, EV 84.4 MPH)
|
|
Batting: RHB Francisco Perez
|
0-0: Called Strike 0-1: Swinging Strike 0-2: Strikes out swinging
|
|
Batting: SHB Craig Smajstrla
|
0-0: Called Strike 0-1: Ball 1-1: Called Strike 1-2: Ball 2-2: Foul Ball, location: 2F 2-2: Foul Ball, location: 2F 2-2: Fly out, F8 (Flyball, 8RD, EV 90.6 MPH)
|
| Bottom of the 6th over - 0 runs, 0 hits, 0 errors, 0 left on base; St. Cloud 0 - Sioux Falls 0 |
| TOP OF THE 7TH |
|
St. Cloud Rox batting - Pitching for Sioux Falls Packers : RHP Moises Rangel
|
|
Batting: RHB Butch Benton
|
0-0: Ball 1-0: Ball 2-0: Ball 3-0: Called Strike 3-1: Called Strike 3-2: Base on Balls
|
|
Batting: RHB Jack Hudson
|
Pickoff Throw to First - Error! E1 Butch Benton to second 0-0: Ball 1-0: Called Strike 1-1: Ball 2-1: Called Strike 2-2: Foul Ball, location: 2F 2-2: Ground out 5-3 (Groundball, 5L, EV 80.0 MPH)
|
|
Batting: LHB Doran Perdue
|
0-0: Intentional Walk
|
|
Batting: RHB Ron Gardenhire
|
0-0: Ball 1-0: Ball 2-0: SINGLE (Line Drive, 8LS, EV 110.0 MPH) Butch Benton to third Doran Perdue to second Runner from 3rd tries for Home, SAFE, throw by CF to home
|
|
Batting: SHB R J Reynolds
|
0-0: Ball 1-0: Ball 2-0: SINGLE (Groundball, 4MS, EV 66.3 MPH) (infield hit) Doran Perdue to third Ron Gardenhire to second
|
|
Batting: LHB Tim Flannery
|
0-0: Ball 1-0: Swinging Strike 1-1: Swinging Strike 1-2: Foul Ball, location: 2F 1-2: SINGLE (Line Drive, 56D, EV 95.6 MPH) Doran Perdue scores Ron Gardenhire to third R J Reynolds to second Runner from 3rd tries for Home, SAFE, throw by LF to home
|
|
Batting: LHB Curtis Morgan
|
0-0: Called Strike 0-1: Ball 1-1: Grounds into double play, 4-6-3 (Groundball, 4, EV 83.8 MPH)
|
| Top of the 7th over - 3 runs, 3 hits, 1 error, 1 left on base; St. Cloud 3 - Sioux Falls 0 |
| BOTTOM OF THE 7TH |
|
Sioux Falls Packers batting - Pitching for St. Cloud Rox : RHP Tony Becerra
|
|
Batting: RHB Javier Flores
|
0-0: Ball 1-0: Ground out U3 (Groundball, 3, EV 103.1 MPH)
|
|
Batting: RHB Gregory Norman
|
0-0: Foul Ball, location: 2F 0-1: Ball 1-1: Ground out 5-3 (Groundball, 56, EV 85.6 MPH)
|
|
Batting: LHB Michael Robbins
|
0-0: Ball 1-0: Ball 2-0: Called Strike 2-1: Ball 3-1: Base on Balls
|
|
Batting: LHB Randy Salava
|
0-0: Ball 1-0: Ball 2-0: Called Strike 2-1: Ball 3-1: Called Strike 3-2: Strikes out looking
|
| Bottom of the 7th over - 0 runs, 0 hits, 0 errors, 1 left on base; St. Cloud 3 - Sioux Falls 0 |
| TOP OF THE 8TH |
|
St. Cloud Rox batting - Pitching for Sioux Falls Packers : RHP Moises Rangel
|
|
Batting: RHB Dennis Sherrill
|
0-0: Foul Ball, location: 2F 0-1: Ground out 6-3 (Groundball, 6, EV 76.9 MPH)
|
|
Batting: SHB Manny Galvez
|
0-0: Fly out, F9 (Flyball, 89S, EV 90.0 MPH)
|
|
Batting: RHB Butch Benton
|
0-0: Called Strike 0-1: Ball 1-1: Ball 2-1: SINGLE (Line Drive, 89S, EV 96.3 MPH)
|
|
Batting: RHB Jack Hudson
|
0-0: Ball Wild Pitch! Butch Benton to second 1-0: Swinging Strike 1-1: Called Strike 1-2: Fly out, F6 (Line Drive, 6, EV 67.5 MPH)
|
| Top of the 8th over - 0 runs, 1 hit, 0 errors, 1 left on base; St. Cloud 3 - Sioux Falls 0 |
| BOTTOM OF THE 8TH |
|
Sioux Falls Packers batting - Pitching for St. Cloud Rox : RHP Tony Becerra
|
|
Batting: RHB Danny Huffstickler
|
0-0: Foul Ball, location: 2F 0-1: Ball 1-1: Ball 2-1: Ball 3-1: TRIPLE (Line Drive, 89XD, EV 96.3 MPH)
|
|
Batting: RHB Kenneth Clayton
|
0-0: SINGLE (Line Drive, 9S, EV 96.9 MPH) Danny Huffstickler scores
|
|
Batting: RHB Brian Snitker
|
0-0: Foul Ball, location: 2F 0-1: Called Strike 0-2: Ball 1-2: Ball 2-2: Foul Ball, location: 2F 2-2: Ball 3-2: Foul Ball, location: 2F 3-2: Strikes out swinging
|
|
Pitching: RHP Mitch Zwolensky
|
|
|
Batting: RHB Francisco Perez
|
0-0: Ball 1-0: Called Strike 1-1: Ball 2-1: Ball 3-1: Base on Balls Kenneth Clayton to second
|
|
Batting: SHB Craig Smajstrla
|
0-0: Ball 1-0: Called Strike 1-1: Fly out, F3 (Popup, 34, EV 73.8 MPH)
|
|
Pinch Hitting: LHB Reggie West
|
0-0: Ball 1-0: SINGLE (Line Drive, 9S, EV 106.9 MPH) Kenneth Clayton to third Francisco Perez to second Runner from 3rd tries for Home, SAFE, throw by RF to home
|
|
Batting: RHB Gregory Norman
|
0-0: Called Strike 0-1: Foul Ball, location: 2F 0-2: Foul Ball, location: 2F 0-2: Ball 1-2: Ball 2-2: Ball 3-2: Ground out 6-3 (Groundball, 6, EV 80.0 MPH)
|
| Bottom of the 8th over - 2 runs, 3 hits, 0 errors, 2 left on base; St. Cloud 3 - Sioux Falls 2 |
| TOP OF THE 9TH |
|
St. Cloud Rox batting - Pitching for Sioux Falls Packers : RHP Moises Rangel
|
|
Now in CF: Michael Schervish
|
|
|
Batting: LHB Doran Perdue
|
0-0: Called Strike 0-1: Foul Ball, location: 2F 0-2: Ball 1-2: Ground out 6-3 (Groundball, 6, EV 98.1 MPH)
|
|
Batting: RHB Ron Gardenhire
|
0-0: Fly out, F8 (Flyball, 8LM, EV 80.6 MPH)
|
|
Batting: SHB R J Reynolds
|
0-0: TRIPLE (Flyball, 78XD, EV 108.8 MPH)
|
|
Batting: LHB Tim Flannery
|
0-0: Ball 1-0: Called Strike 1-1: Called Strike 1-2: Ball 2-2: Ball 3-2: Ground out 6-3 (Groundball, 56, EV 104.4 MPH)
|
| Top of the 9th over - 0 runs, 1 hit, 0 errors, 1 left on base; St. Cloud 3 - Sioux Falls 2 |
| BOTTOM OF THE 9TH |
|
Sioux Falls Packers batting - Pitching for St. Cloud Rox : RHP Mitch Zwolensky
|
|
Batting: LHB Michael Robbins
|
0-0: Called Strike 0-1: Ball 1-1: Ball 2-1: Foul Ball, location: 2F 2-2: SINGLE (Line Drive, 78M, EV 96.9 MPH)
|
|
Batting: LHB Randy Salava
|
0-0: Ball 1-0: Called Strike 1-1: Ball 2-1: Fly out, F1 (Line Drive, P, EV 70.6 MPH)
|
|
Batting: RHB Danny Huffstickler
|
0-0: Foul Ball, location: 2F 0-1: Ball 1-1: Swinging Strike 1-2: Ball 2-2: Foul Ball, location: 2F 2-2: Strikes out swinging
|
|
Pitching: RHP Lawrence Crews
|
|
|
Batting: RHB Kenneth Clayton
|
0-0: Ball 1-0: Ground out U3 (Groundball, 3, EV 105.0 MPH)
|
| Bottom of the 9th over - 0 runs, 1 hit, 0 errors, 1 left on base; St. Cloud 3 - Sioux Falls 2 |
|